 Dungeon Crawl Stone Soup version 0.22-a0-542-gce4f928 (webtiles) character file.

6 4thArraOfDagon the Vexing (level 1, -1/13 HPs)
             Began as a Mummy Enchanter on June 24, 2018.
             Slain by a hobgoblin
             ... wielding a +0 club
              (5 damage)
             ... on level 2 of the Dungeon.
             The game lasted 00:00:56 (158 turns).

4thArraOfDagon the Vexing (Mummy Enchanter)          Turns: 158, Time: 00:00:57

Health: -1/13      AC:  2    Str: 11    XL:     1   Next: 75%
Magic:  1/4        EV: 12    Int: 14    God:
Gold:   0          SH:  0    Dex: 12    Spells: 4/5 levels left

rFire    x . .     SeeInvis .   a - +1 dagger
rCold    + . .     Gourm    .   (no shield)
rNeg     + + +     Faith    .   b - +0 robe
rPois    ∞         Spirit   .   (no helmet)
rElec    .         Reflect  .   (no cloak)
rCorr    .         Harm     .   (no gloves)
MR       .....                  (no boots)
Stlth    ++........             (no amulet)
HPRegen  0.04/turn              (no ring)
MPRegen  0.09/turn              (no ring)

@: very slightly contaminated
A: no food or potions, fire vulnerability, cold resistance 1, negative energy
resistance 3, torment resistance, unbreathing
a: no special abilities


You were on level 2 of the Dungeon.
You were not hungry.

You visited 1 branch of the dungeon, and saw 3 of its levels.

Inventory:

Hand Weapons
 a - a +1 dagger (weapon)
Armour
 b - a +0 robe (worn)
Scrolls
 c - a scroll of teleportation {unknown}
 d - a scroll of remove curse {unknown}


   Skills:
 * Level 1.5 Short Blades
 - Level 1.5 Dodging
 - Level 2.4 Stealth
 - Level 2.6 Spellcasting
 - Level 2.6 Hexes


You had 4 spell levels left.
You knew the following spells:

 Your Spells              Type           Power        Failure   Level  Hunger
a - Corona                Hex            #......      8%          1    N/A

Your spell library contained the following spells:

 Spells                   Type           Power        Failure   Level  Hunger
 Confuse                  Hex            #.......     22%         3    N/A
 Tukima's Dance           Hex            #.......     22%         3    N/A
 Ensorcelled Hibernation  Hex/Ice        #.....       19%         2    N/A
 Dazzling Spray           Conj/Hex       #.....       36%         3    N/A

Dungeon Overview and Level Annotations

Branches:
Dungeon (3/15)

Altars:


Innate Abilities, Weirdness & Mutations

You do not eat or drink.
Your flesh is vulnerable to fire.
You are immune to poison.
Your flesh is cold resistant. (rC+)
You are immune to negative energy. (rN+++)
You are immune to unholy pain and torment.
You can survive without breathing.


Message History

Aim: a hobgoblin, wielding a club (chance to defeat MR: 62%)
The hobgoblin is outlined in light.
An orc comes into view. It is wielding a flail.
The orc shouts!
You hit the hobgoblin.
The hobgoblin is lightly wounded.
You hear a shout!
The hobgoblin hits you with a club.
Unknown command.
There is a stone staircase leading up here.
Unknown command.
The hobgoblin closely misses you.
You climb upwards.
There is a stone staircase leading down here.
Unknown command.
You barely miss the hobgoblin.
The hobgoblin hits you but does no damage.
Unknown command.
The hobgoblin hits you with a club.
You die...

#..# #.##.......####
#..###.##..........#
#...##.#........##.#
#.#.##.#.##.....# #
#.#..#...)#..####
#.##.#.#..†..#
#.##.w.##..###
#w###......#
###.###.@#####
#......g>#
#.......## #.......#
#.......# #.......#
#########


You could see a worm and a hobgoblin.

Vanquished Creatures
  A bat (D:3)
  3 hobgoblins (D:1)
  A frilled lizard (D:2)
5 creatures vanquished.

Notes
Turn   | Place    | Note
-------+----------+-------------------------------------------
     0 | D:1      | 4thArraOfDagon the Mummy Enchanter began the quest for the Orb.
     0 | D:1      | Reached XP level 1. HP: 13/13 MP: 4/4
    31 | D:1      | Reached skill level 1 in Short Blades
   158 | D:2      | Slain by a hobgoblin

Vault maps used:
D:1:      dpeg_arrival_castle
D:2:      nicolae_overflow_crystal_walls, first_ration, minmay_statues_item,
          minmay_liquid_box, minmay_tromino_v2
D:3:      minmay_randomly_rotated_circles

Skill      XL: |  1 |
---------------+----+-----
Short Blades   | 1 |  1.5
Dodging        | |  1.5
Stealth        | |  2.4
Spellcasting   | |  2.6
Hexes          | |  2.6

Action                   || total
-------------------------++-------
Melee: Dagger            ||    21
 Cast: Corona            ||     4
Armor: Robe              ||     1
Dodge: Dodged            ||    10

Table legend:
 A = Spawn XP
 B = Non-spawn XP
 C = Spawn XP percentage of total XP
 D = Spawn monster count
 E = Non-spawn monster count
 F = Spawn count percentage of total count
 G = Total turns spent on level
                    A         B        C        D         E        F      G
               +---------+---------+-------+---------+---------+-------+---------
         Total |       0 |       9 |   0.0 |       0 |       5 |   0.0 |   158
               +---------+---------+-------+---------+---------+-------+---------
           D:1 |       0 |       6 |   0.0 |       0 |       3 |   0.0 |    65
           D:2 |       0 |       1 |   0.0 |       0 |       1 |   0.0 |    57
           D:3 |       0 |       2 |   0.0 |       0 |       1 |   0.0 |    36
               +---------+---------+-------+---------+---------+-------+---------
